 Dungeon Crawl Stone Soup version 0.18.1-47-g9310371 (webtiles) character file.

73 Shtopit the Cudgeler (level 4, -2/49 HPs)
             Began as an Ogre Berserker on June 18, 2016.
             Was a Believer of Trog.
             Slain by a gnoll
             ... wielding a +0 spear
              (5 damage)
             ... on level 2 of the Dungeon.
             The game lasted 00:03:37 (1242 turns).

Shtopit the Cudgeler (Ogre Berserker)               Turns: 1242, Time: 00:03:37

Health: -2/49      AC:  2    Str: 22    XL:     4   Next: 27%
Magic:  4/4        EV: 10    Int:  6    God:    Trog [**....]
Gold:   122        SH:  0    Dex: 10    Spells: 0 memorised, 3 levels left

rFire  . . .     SeeInvis .     a - +0 mace
rCold  . . .     Gourm    .     b - +0 animal skin
rNeg   . . .     Faith    .     (no shield)
rPois  .         Spirit   .     (helmet restricted)
rElec  .         Dismiss  .     (no cloak)
rCorr  .         Reflect  .     (gloves unavailable)
SustAt .         Harm     .     (boots unavailable)
MR     .....     Clarity  +     (no amulet)
Stlth  +.........               (no ring)
                                (no ring)

@: exhausted, starving, hasted and slowed, not resistant to hostile
enchantments, very unstealthy
A: unfitting armour, antennae 1, clarity, deformed body, tough skin 1
a: Berserk, Trog's Hand, Burn Spellbooks, Renounce Religion


You were on level 2 of the Dungeon.
You worshipped Trog.
Trog was pleased with you.
You were starving.

You visited 1 branch of the dungeon, and saw 2 of its levels.

You collected 122 gold pieces.

Inventory:

Hand Weapons
 a - a +0 mace (weapon)
Missiles
 d - 76 stones (quivered)
 m - 2 javelins
Armour
 b - a +0 animal skin (worn)
Jewellery
 i - an uncursed ring of sustain attributes {unknown}
 o - an uncursed amulet of faith {unknown}
 p - a +3 ring of strength {unknown}
Scrolls
 e - a scroll of fear {unknown}
 h - a scroll of recharging {unknown}
 l - 3 scrolls of identify {unknown}
Potions
 j - a potion of berserk rage {unknown}
 n - a potion of beneficial mutation {unknown}
 q - a potion of lignification {unknown}
Comestibles
 c - 2 bread rations
 k - a beef jerky


   Skills:
 + Level 4.7 Fighting
 + Level 5.0 Maces & Flails
 + Level 3.6 Dodging


You had 3 spell levels left.
You didn't know any spells.

Dungeon Overview and Level Annotations

Branches:
Dungeon (2/15)

Altars:


Innate Abilities, Weirdness & Mutations

You are too large for most types of armour.
You have tough skin (AC +1).
You have a pair of small antennae on your head.
You possess an exceptional clarity of mind.
Armour fits poorly on your strangely shaped body.


Message History

Trog accepts your kill.
Your Maces & Flails skill increases to level 5!
You are no longer berserk.
You are exhausted.
You feel yourself slow down.
You are near starving!
You are starving!
Press: ? - help, v - describe, . - travel
Here: a gnoll, wielding a spear The floor.
Drink which item? (? for menu, Esc to quit)
It was a potion of mutation.
You feel extremely strange.
Your thoughts seem clearer.
A pair of antennae grows on your head!
Your body twists and deforms.
The gnoll hits you from afar with a spear.
* * * LOW HITPOINT WARNING * * *
The gnoll hits you but does no damage.
Drink which item? (? for menu, Esc to quit)
It was a potion of haste.
You feel yourself speed up.
The gnoll hits you from afar with a spear.
You die...

#. #.......#..
#.########.######.#.
#..........######.#.
##..............#....
.................#..
#.######).###.>###.
#.........####<.#..
#.####..####......#.....
#......@# #.#..........
#######†# #.####.#.....
#g# #.# ##.###... #.#
#.# #........ #..
#.###..###.## ###
#.(.[........
#####..###.## #..# #.#
#..# #.#


You could see a gnoll.

Vanquished Creatures
  2 gnolls (D:2)
  An adder (D:2)
  2 oozes (D:1)
  A worm (D:2)
  A giant gecko (D:1)
  A ball python (D:1)
  A giant cockroach (D:1)
  5 goblins
  3 hobgoblins
  2 jackals (D:2)
  5 bats
  A giant newt (D:1)
  4 kobolds
  5 rats
34 creatures vanquished.

Notes
Turn   | Place    | Note
--------------------------------------------------------------
     0 | D:1      | Shtopit the Ogre Berserker began the quest for the Orb.
     0 | D:1      | Reached XP level 1. HP: 24/24 MP: 1/1
    10 | D:1      | Noticed an electric eel
    45 | D:1      | Reached XP level 2. HP: 30/32 MP: 2/2
   422 | D:1      | Reached XP level 3. HP: 33/40 MP: 3/3
   659 | D:2      | Reached ** piety under Trog
  1232 | D:2      | Reached XP level 4. HP: 47/49 MP: 4/4
  1240 | D:2      | Reached skill level 5 in Maces & Flails
  1241 | D:2      | Gained mutation: You possess an exceptional clarity of mind. [potion of mutation]
  1241 | D:2      | Gained mutation: You have a pair of small antennae on your head. [potion of mutation]
  1241 | D:2      | Gained mutation: Armour fits poorly on your strangely shaped body. [potion of mutation]
  1242 | D:2      | Slain by a gnoll

Skill      XL: |  1  2  3  4 |
---------------+-------------+-----
Dodging        | 3 |  3.6
Maces & Flails | 5 |  5.0
Fighting       | |  4.7

Action                   |  1- 3 |  4- 6 || total
-------------------------+-------+-------++-------
Melee: Mace              |    86 |     7 ||    93
Invok: Berserk           |     2 |       ||     2
  Use: Potion            |       |     2 ||     2
  Eat: Chunk             |     1 |       ||     1
Armor: Animal skin       |    35 |     1 ||    36
Dodge: Dodged            |    65 |     3 ||    68
